 Dungeon Crawl Stone Soup version 0.25-a0-185-g6cfeca75b2 (webtiles) character file.

Game seed: 13305175886828240377, levelgen mode: deterministic

1659 Leeroy the Carver (level 8, 0/57 HPs)
             Began as a White Draconian Conjurer on Nov 27, 2019.
             Was a Follower of Nemelex Xobeh.
             Slain by a gnoll
             ... wielding a +0 club
              (1 damage)
             ... on level 6 of the Dungeon.
             The game lasted 00:14:49 (7469 turns).

Leeroy the Carver (White Draconian Conjurer)        Turns: 7469, Time: 00:14:50

Health: 0/57       AC:  8    Str: 11    XL:     8   Next: 68%
Magic:  9/11       EV: 12    Int: 17    God:    Nemelex Xobeh [*.....]
Gold:   326        SH:  0    Dex: 12    Spells: 1/11 levels left

rFire    . . .     SeeInvis .   d - +0 long sword
rCold    + . .     Gourm    .   (no shield)
rNeg     . . .     Faith    .   (armour unavailable)
rPois    .         Spirit   .   (helmet restricted)
rElec    .         Reflect  .   I - +0 cloak
rCorr    .         Harm     .   (no gloves)
MR       .....                  B - +0 pair of boots
Stlth    ++........             (no amulet)
HPRegen  0.19/turn              (no ring)
MPRegen  0.12/turn              (no ring)

@: no status effects
A: breathe frost, unfitting armour, cold resistance 1, cold-blooded, AC +6
a: Breathe Frost, Draw Escape, Draw Destruction, Draw Summoning, Renounce
Religion


You were on level 6 of the Dungeon.
You worshipped Nemelex Xobeh.
Nemelex Xobeh was aware of your devotion.
You were not hungry.

You visited 1 branch of the dungeon, and saw 6 of its levels.

You collected 326 gold pieces.

Inventory:

Hand Weapons
 c - a +0 dagger
 d - a +0 long sword (weapon)
 i - a +2 scythe of venom
 m - a +0 vampiric dagger
 y - the +9 hunting sling of Callousness {velocity, rF++ rN+ Str-3 Dex+3}
   (You found it on level 4 of the Dungeon)

   Any stone fired from it inflicts extra damage.
   It affects your strength (-3).
   It affects your dexterity (+3).
   It greatly protects you from fire.
   It protects you from negative energy.
 G - a +2 dagger of electrocution
Missiles
 w - 7 javelins (quivered)
 C - 30 poisoned darts
 D - 46 stones
 E - 2 curare-tipped darts
 J - a throwing net
Armour
 B - a +0 pair of boots (worn)
 I - a +0 cloak (worn)
Wands
 v - a wand of flame (14)
Scrolls
 g - 4 scrolls of amnesia {unknown}
 h - 5 scrolls of remove curse {unknown}
 k - 4 scrolls of teleportation {unknown}
 n - a scroll of immolation {unknown}
 o - 4 scrolls of identify {unknown}
 q - a scroll of enchant armour {unknown}
 t - 4 scrolls of random uselessness {unknown}
 u - a scroll of fog {unknown}
 x - a scroll of magic mapping {unknown}
 A - a scroll of blinking {unknown}
Potions
 a - a potion of degeneration
 e - a potion of heal wounds {unknown}
 f - 3 potions of curing
 j - 2 potions of cancellation {unknown}
 l - a potion of ambrosia {unknown}
 p - a potion of berserk rage {unknown}
 r - a potion of agility {unknown}
 s - 2 potions of lignification {unknown}
 z - a potion of mutation {unknown}
 F - a potion of invisibility
Comestibles
 b - 7 rations
 H - a chunk of flesh


   Skills:
 - Level 8.5 Long Blades
 - Level 1.7 Dodging
 - Level 1.7 Stealth
 - Level 2.0 Spellcasting
 - Level 8.1 Conjurations
 - Level 0.1 Air Magic


You had one spell level left.
You knew the following spells:

 Your Spells              Type           Power        Failure   Level  Hunger
a - Magic Dart            Conj           ####         1%          1    #......
b - Searing Ray           Conj           ####..       1%          2    ###....
c - Mephitic Cloud        Conj/Pois/Air  ##......     19%         3    ###....
d - Iskenderun's Mystic   Conj           ####....     7%          4    #####..

Your spell library contained the following spells:

 Spells                   Type           Power        Failure   Level  Hunger
 Conjure Flame            Conj/Fire      ###.....     11%         3    ###....
 Dazzling Spray           Conj/Hex       ###...       11%         3    ###....
 Blink                    Tloc           N/A          28%         2    ###....
 Call Imp                 Summ           #.......     28%         2    ###....
 Slow                     Hex            #.......     28%         2    ###....
 Force Lance              Conj/Tloc      ###.....     34%         4    #####..
 Fulminant Prism          Conj/Hex       ###.......   34%         4    #####..


Dungeon Overview and Level Annotations

Branches:
Dungeon (6/15)
 Temple: D:4-7

Altars:
Nemelex Xobeh
Vehumet


Innate Abilities, Weirdness & Mutations

You can breathe waves of freezing cold.
You can buffet flying creatures when you breathe cold.
Your icy white scales are hard. (AC +6)
You cannot fit into any form of body armour.
Your flesh is cold resistant. (rC+)
You are cold-blooded and may be slowed by cold attacks.


Message History

The black bear growls angrily.
You hear a shout!
A gnoll comes into view. It is wielding a +0 club.
You hear a shout!
Things that are here:
a +0 whip; a +0 leather armour There isn't anything to butcher here.
The black bear bites you but does no damage.
The black bear claws you but does no damage.
The black bear closely misses you.
A gnoll comes into view.
The gnoll shouts!
The gnoll hits you but does no damage. The black bear bites you.
* * * LOW HITPOINT WARNING * * *
The black bear closely misses you. The black bear claws you.
* * * LOW HITPOINT WARNING * * *
The gnoll hits you!
* * * LOW HITPOINT WARNING * * *
The gnoll hits you with a +0 club.
You die...
Your body glows slightly and disappears.

#..#.##.######
#.##. ##........#
#....
........^.#######
####. #
#....##.†#.....# #.
..##.....#..#.....#
#.
........#..).....#
#. #....##h.#)....#
#.
#.##....g...#.....#
#.
#.......@g..#######
.# ####.##.##.## #
...........
#.##.#..##.##.# #
#.#....... #
#..........
###..####.. .... .


You could see a black bear and 2 gnolls.

Vanquished Creatures
  Grinder (D:4)
  Eustachio (D:5)
  Sigmund (D:2)
  An ice beast (D:5)
  A necrophage (D:5)
  3 ogres
  A centaur (D:6)
  A bullfrog (D:6)
  A scorpion (D:5)
  2 crimson imps (D:5)
  A gnoll shaman (D:6)
  A hound (D:4)
  A jelly (D:3)
  2 iguanas
  3 orc wizards
  2 worker ants
  10 gnolls
  3 adders
  2 oozes
  2 worms
  4 dart slugs
  4 leopard geckos
  9 orcs
  A giant cockroach (D:3)
  7 goblins
  2 hobgoblins
  3 jackals (D:4)
  7 kobolds
  2 ball pythons
  8 bats
  3 frilled lizards
  9 rats
99 creatures vanquished.

Notes
Turn   | Place    | Note
-------+----------+-------------------------------------------
     0 | D:1      | Leeroy the Draconian Conjurer began the quest for the Orb.
     0 | D:1      | Reached XP level 1. HP: 14/14 MP: 3/3
   373 | D:1      | Reached XP level 2. HP: 9/20 MP: 1/5
   821 | D:1      | Reached skill level 5 in Conjurations
   821 | D:1      | Reached XP level 3. HP: 11/26 MP: 6/6
  1981 | D:2      | Learned a level 2 spell: Searing Ray
  2021 | D:2      | Found a radiant altar of Vehumet.
  2052 | D:2      | Reached skill level 1 in Long Blades
  2143 | D:2      | Noticed Sigmund
  2431 | D:2      | Learned a level 3 spell: Mephitic Cloud
  2514 | D:2      | Killed Sigmund
  2514 | D:2      | Reached XP level 4. HP: 13/33 MP: 7/7
  2514 | D:2      | Reached XP level 5. HP: 16/38 MP: 8/8
  3460 | D:3      | Reached XP level 6. HP: 38/45 MP: 9/9
  3741 | D:3      | Reached skill level 5 in Long Blades
  3974 | D:4      | Got a transparent hunting sling
  4005 | D:4      | Identified the +9 hunting sling of Callousness {velocity,
                  | rF++ rN+ Str-3 Dex+3} (You found it on level 4 of the
                  | Dungeon)
  4312 | D:4      | Noticed Grinder
  4312 | D:4      | Paralysed by Grinder for 2 turns
  4323 | D:4      | Paralysed by Grinder for 5 turns
  4330 | D:5      | Entered Level 5 of the Dungeon
  4380 | D:4      | Your scales start taking on an icy white colour.
  4380 | D:4      | Reached XP level 7. HP: 26/50 MP: 1/10
  4380 | D:4      | Gained mutation: Your flesh is cold resistant. (rC+) [White
                  | Draconian growth]
  4942 | D:4      | Killed Grinder
  5422 | D:5      | Found a sparkling altar of Nemelex Xobeh.
  5440 | D:5      | Became a worshipper of Nemelex Xobeh the Trickster
  5445 | D:5      | Noticed Eustachio
  5613 | D:5      | Killed Eustachio
  5625 | D:5      | Received a gift from Nemelex Xobeh
  5948 | D:5      | Learned a level 4 spell: Iskenderun's Mystic Blast
  5970 | D:5      | Reached XP level 8. HP: 50/57 MP: 11/11
  6544 | D:5      | Reached * piety under Nemelex Xobeh
  7469 | D:6      | HP: 1/57 [gnoll (9)]
  7469 | D:6      | Slain by a gnoll

Levels and vault maps discovered:
D:1:      minmay_arrival_nine_rooms, layout_loops_corners
D:2:      layout_basic, vehumet_crystals, uniq_sigmund
D:3:      layout_basic
D:4:      layout_basic, uniq_grinder
D:5:      layout_layer_cave, nemelex_xobeh_ov_fountains_minmay, first_ration,
          uniq_eustachio
D:6:      layout_loops_cross, uniq_blork_the_orc, uniq_edmund

Skill      XL: |  1  2  3  4  5  6  7  8 |
---------------+-------------------------+-----
Conjurations   | 5 8 |  8.1
Long Blades    | 4 6 8 |  8.5
Dodging        | |  1.7
Stealth        | |  1.7
Spellcasting   | |  2.0
Air Magic      | |  0.1

Action                   |  1- 3 |  4- 6 |  7- 9 || total
-------------------------+-------+-------+-------++-------
Melee: Unarmed           |    24 |       |       ||    24
       Tailslap          |    21 |    13 |    18 ||    52
       Dagger            |    72 |       |       ||    72
       Long sword        |    44 |    62 |   147 ||   253
       Scythe            |       |     8 |       ||     8
 Fire: Hunting sling     |       |       |    14 ||    14
Throw: Javelin           |       |     1 |     3 ||     4
 Cast: Magic Dart        |     7 |       |       ||     7
       Searing Ray       |     1 |     5 |     4 ||    10
       Mephitic Cloud    |       |       |     3 ||     3
       Iskenderun's Myst |       |       |     2 ||     2
 Abil: Breathe Frost     |       |       |     8 ||     8
       Draw Destruction  |       |       |     1 ||     1
  Use: Potion            |     3 |       |       ||     3
 Stab: Sleeping          |     2 |     2 |       ||     4
       Confused          |       |       |     5 ||     5
       Distracted        |       |       |     1 ||     1
  Eat: Chunk             |     4 |     4 |     9 ||    17
       Ration            |       |     1 |     1 ||     2
Armor: Skin              |    61 |    15 |    51 ||   127
Dodge: Dodged            |   132 |    57 |    74 ||   263
       Rpst.: Long sword |    14 |    15 |    19 ||    48

Table legend:
 A = Non-vault XP
 B = Vault XP
 C = Vault XP percentage of total XP
 D = Non-vault monster count
 E = Vault monster count
 F = Vault count percentage of total count
                 A         B        C        D         E       F
            +---------+---------+-------+---------+---------+-------
      Total |    1661 |     709 |  29.9 |      96 |       3 |   3.0
            +---------+---------+-------+---------+---------+-------
        D:1 |      44 |       0 |   0.0 |      21 |       0 |   0.0
        D:2 |      65 |     208 |  76.2 |      20 |       1 |   4.8
        D:3 |     109 |       0 |   0.0 |      14 |       0 |   0.0
        D:4 |     280 |     281 |  50.1 |      14 |       1 |   6.7
        D:5 |     851 |     220 |  20.5 |      20 |       1 |   4.8
        D:6 |     312 |       0 |   0.0 |       7 |       0 |   0.0
            +---------+---------+-------+---------+---------+-------
